 Dungeon Crawl Stone Soup version 0.29-a0-319-gad05b8d819 (webtiles) character file.

Game seed: 2650501104323408418

5196 sammy202020 the Fighter (level 10, 0/82 HPs)
             Began as a Demonspawn Berserker on Apr 2, 2022.
             Was an Elder of Trog.
             Slain by an orc warrior
             ... wielding a +0 glaive
              (18 damage)
             ... in a bailey.
             The game lasted 00:16:54 (10938 turns).

sammy202020 the Fighter (Demonspawn Berserker)     Turns: 10938, Time: 00:16:56

Health: 0/82       AC: 14    Str: 19    XL:     10   Next: 34%
Magic:  10/10      EV:  9    Int: 10    God:    Trog [****..]
Gold:   360        SH: 11    Dex: 14    Spells: 9/9 levels left

rFire   . . .      SeeInvis +   a - +2 hand axe
rCold   . . .      Faith    .   y - +2 buckler
rNeg    . . .      Spirit   .   x - +0 plate armour
rPois   .          Reflect  .   v - +0 helmet
rElec   .          Harm     .   (no cloak)
rCorr   .          Rampage  .   (no gloves)
Will    +++..                   (no boots)
Stlth   ..........              (no amulet)
HPRegen 1.23/turn               s - ring of willpower
MPRegen 0.12/turn               B - ring of see invisible

@: strong-willed, on berserk cooldown, regenerating, slowed, studying Armour,
very slow
A: repulsion field 1, powered by death 1, condensation shield, weakness stinger
1
a: Renounce Religion, Berserk, Trog's Hand, Brothers in Arms


You were in a bailey.
You worshipped Trog.
Trog was greatly pleased with you.
You visited 1 branch of the dungeon, and saw 8 of its levels.
You also visited: Ossuary and Bailey.

You collected 360 gold pieces.

Inventory:

Hand Weapons
 a - a +2 hand axe (weapon)
 d - a +0 mace
 w - a +0 battleaxe
Missiles
 b - a curare-tipped dart
 q - 5 boomerangs (quivered)
 t - 12 poisoned darts
Armour
 p - a +3 leather armour of fire resistance
 v - a +0 helmet (worn)
 x - a +0 plate armour (worn)
 y - a +2 buckler (worn)
Jewellery
 s - a ring of willpower (left hand)
 A - a +4 ring of evasion
 B - a ring of see invisible (right hand)
 D - a +4 ring of evasion
 H - a ring of protection from cold
Wands
 r - a wand of iceblast (2)
 u - a wand of polymorph (11)
 E - a wand of digging (5)
Scrolls
 c - 3 scrolls of amnesia
 e - 3 scrolls of magic mapping
 f - 2 scrolls of identify
 j - 2 scrolls of enchant weapon
 k - a scroll of vulnerability
 o - 2 scrolls of enchant armour
 C - a scroll of immolation
 G - a scroll of teleportation
Potions
 g - 5 potions of attraction
 h - 8 potions of curing
 i - 3 potions of ambrosia
 l - a potion of berserk rage {unknown}
 m - a potion of haste {unknown}
 n - a potion of resistance
 z - 2 potions of flight {unknown}
 F - 2 potions of mutation {unknown}


   Skills:
 * Level 8.6 Fighting
 * Level 7.8 Axes
 * Level 7.6 Armour
 + Level 5.3 Dodging
 + Level 2.9 Shields


You had 9 spell levels left.
You didn't know any spells.
Your spell library was empty.

Dungeon Overview and Level Annotations

Branches:
Dungeon (8/15)             Temple (0/1) D:4         Ossuary (visited)
 Bailey (1/1)
   Lair: D:8-11

Altars:
Cheibriados
Nemelex Xobeh
Trog
Uskayaw
Xom

Shops:
D:6 *


Innate Abilities, Weirdness & Mutations

You are surrounded by a mild repulsion field. (EV +2)
You regenerate a little health from kills.
A meltable shield of frost defends you. (SH +4)
You have a small tail.


Message History

You hit the orc knight but do no damage.
The orc knight is heavily wounded.
You hit the orc warrior but do no damage.
The orc knight hits you with a +0 trident!
* * * LOW HITPOINT WARNING * * *
The orc warrior misses you.
The orc warrior hits you with a +0 halberd.
* * * LOW HITPOINT WARNING * * *
The orc hits you but does no damage.
The orc knight hits you from afar with a +0 trident.
* * * LOW HITPOINT WARNING * * *
There is a gate leading back out of this place, spattered with blood here.
You feel a strong urge to attack something.
There is an open gate here.
You feel your anger nearly subside.
You are no longer berserk.
You are exhausted.
You feel yourself slow down.
You feel the effects of Trog's Hand fading.
The orc warrior no longer looks unusually strong.
The orc knight roars a battlecry!
The orc warrior goes into a battle-frenzy!
Your skin stops crawling.
You feel less strong-willed.
The orc knight hits you from afar with a +0 trident!
* * * LOW HITPOINT WARNING * * *
The orc knight roars a battlecry!
The orc knight closely misses you.
The orc warrior no longer looks unusually strong. x2
The orc knight roars a battlecry!
The orc knight hits you from afar with a +0 trident!
* * * LOW HITPOINT WARNING * * *
You feel better. You block the orc knight's attack.
Okay, then.
Your skin crawls.
You feel strong-willed. You block the orc knight's attack.
The orc warrior hits you from afar with a +0 glaive.
* * * LOW HITPOINT WARNING * * *
You block the orc knight's attack.
The orc warrior hits you from afar with a +0 glaive!!
You die...

#.....≈##.##≈...............≈##.
#.....≈#.....................)).
#.....≈##)∩#≈...............≈#∩.
#.....≈≈#)##≈......###......≈##.
#......≈≈)≈≈≈...#########...≈≈≈.
#.......)......##oo.o.o.##......
#.......).....##oo#'#'#..##.....
#.............#..##)#)##..#.....
#............##@#########.##....
#............##.')#)o?#)'.##....
#............##.###.8.###o##....
#............##.')#oo.#.'.##....
#............##.####o####.##....
#............##..##∩.∩##..#.....
#................##'''#..##.....
#................##...o.##......
#......≈≈.≈≈≈....##....##...≈≈≈.


You could see an orc knight, 2 orc warriors and an orc (strong).

Vanquished Creatures
  A hornet (D:8)
  2 shadows (D:6)
  A wyvern (D:5)
  Eustachio (D:4)
  Edmund (D:4)
  Menkaure (D:4)
  3 water moccasins
  An ice beast (D:7)
  11 orc warriors
  2 sky beasts
  A black bear (D:7)
  6 ogres
  2 centaurs
  2 kobold brigands
  5 bullfrogs
  2 gnoll sergeants
  5 scorpions
  2 elf zombies (Ossuary)
  5 killer bees (D:7)
  5 hounds
  A gnoll shaman (D:6)
  2 iguanas
  An orc wizard (D:6)
  2 mummies (Ossuary)
  12 gnolls
  An adder (D:6)
  2 white imps (D:7)
  2 adder zombies (Ossuary)
  3 worms
  3 dart slugs
  24 orcs
  3 ball pythons
  8 endoplasms
  8 giant cockroaches
  4 hobgoblins
  9 jackals
  4 quokkas
  5 bats
  A frilled lizard (D:3)
  21 goblins
  3 goblin zombies (Ossuary)
  8 hobgoblin zombies (Ossuary)
  2 jackal zombies (Ossuary)
  17 kobolds
  10 kobold zombies (Ossuary)
  9 orc zombies (Ossuary)
  2 rats
226 creatures vanquished.

Vanquished Creatures (others)
  An orc wizard (D:6)
1 creature vanquished.

Grand Total: 227 creatures vanquished

Notes
Turn   | Place    | Note
-------+----------+-------------------------------------------
     0 | D:1      | sammy202020 the Demonspawn Berserker began the quest for
                  | the Orb.
     0 | D:1      | Reached XP level 1. HP: 18/18 MP: 1/1
   305 | D:1      | Gained mutation: You are surrounded by a mild repulsion
                  | field. (EV +2) [demonic ancestry]
   305 | D:1      | Reached XP level 2. HP: 21/24 MP: 2/2
   934 | D:1      | Reached XP level 3. HP: 27/29 MP: 3/3
  1645 | D:2      | Found a faded altar of an unknown god.
  2230 | D:3      | Gained mutation: A meltable shield of frost defends you.
                  | (SH +4) [demonic ancestry]
  2230 | D:3      | Reached XP level 4. HP: 10/37 MP: 4/4
  2473 | D:3      | Found a bloodstained altar of Trog.
  2473 | D:3      | Found a snail-covered altar of Cheibriados.
  2572 | D:3      | Reached ** piety under Trog
  2847 | D:3      | Found a sparkling altar of Nemelex Xobeh.
  2847 | D:3      | Found a hide-covered altar of Uskayaw.
  3010 | D:4      | Found a sand-covered staircase.
  3015 | Ossuary  | Entered an ossuary
  3304 | Ossuary  | Reached skill level 4 in Fighting
  3304 | Ossuary  | Reached XP level 5. HP: 27/42 MP: 5/5
  3315 | Ossuary  | Reached *** piety under Trog
  3654 | D:4      | Noticed Menkaure
  3666 | D:4      | Killed Menkaure
  3667 | D:4      | Gained mutation: You have a small tail. [demonic ancestry]
  3667 | D:4      | Reached XP level 6. HP: 23/49 MP: 6/6
  3763 | D:4      | Found a staircase to the Ecumenical Temple.
  4014 | D:4      | Noticed Eustachio
  4045 | D:4      | Killed Eustachio
  4046 | D:4      | Reached skill level 5 in Fighting
  4046 | D:4      | Reached XP level 7. HP: 29/56 MP: 7/7
  4333 | D:4      | Noticed Edmund
  4352 | D:4      | Killed Edmund
  5202 | D:5      | Entered Level 5 of the Dungeon
  5214 | D:5      | Noticed a wyvern
  5226 | D:5      | Killed a wyvern
  5706 | D:5      | Reached skill level 5 in Axes
  6054 | D:5      | Reached XP level 8. HP: 50/64 MP: 8/8
  6154 | D:5      | Reached skill level 6 in Fighting
  6154 | D:5      | Reached skill level 5 in Armour
  6709 | D:6      | Found a shimmering altar of Xom.
  6709 | D:6      | Found a shimmering altar of Xom.
  6797 | D:6      | Found a snail-covered altar of Cheibriados.
  7230 | D:6      | Reached skill level 7 in Fighting
  7230 | D:6      | Gained mutation: You regenerate a little health from kills.
                  | [demonic ancestry]
  7230 | D:6      | Reached XP level 9. HP: 45/72 MP: 9/9
  7452 | D:6      | Found a shimmering altar of Xom.
  7452 | D:6      | Found a shimmering altar of Xom.
  7455 | D:6      | Found a shimmering altar of Xom.
  7463 | D:6      | Found a shimmering altar of Xom.
  7463 | D:6      | Found a shimmering altar of Xom.
  7775 | D:6      | Found a shimmering altar of Xom.
  7834 | D:6      | Reached skill level 1 in Shields
  7907 | D:6      | Reached **** piety under Trog
  8080 | D:6      | Found Zyzxeton's General Store.
  8631 | D:7      | Reached skill level 8 in Fighting
  8707 | D:7      | Reached skill level 5 in Dodging
  9268 | D:8      | Paralysed by a hornet for 3 turns
  9281 | D:8      | Reached XP level 10. HP: 70/80 MP: 10/10
  9295 | D:8      | Found a flagged portal.
  9326 | Bailey   | Entered a bailey
 10900 | Bailey   | Noticed an orc knight
 10938 | Bailey   | Slain by an orc warrior

Illustrated notes

Levels and vault maps discovered:
D:1:      kennysheep_arrival_seaside, layout_rooms
D:2:      layout_rooms, shapermc_ecumenical_altar_totnotflames
D:3:      layout_basic, gammafunk_temple_overflow_wave,
          nicolae_overflow_hidden_temple, serial_park_tiny_1
D:4:      layout_basic, minmay_temple_entry_mist, enter_ossuary_5,
          glass_columns_a, uniq_menkaure, uniq_eustachio, uniq_edmund
D:5:      layout_loops_ring
D:6:      layout_basic, nicolae_xom_altar_mimics, serial_shops,
          nicolae_shop_advertising_works [nicolae_subvault_shop_adworks],
          hangedman_feature_mirror, minivault_1, minmay_ogre_servants
D:7:      layout_rooms, minivault_11
D:8:      layout_loops_ring, enter_bailey_5, uniq_grum
Bailey:   bailey_polearm_2, bailey

Skill      XL: |  1  2  3  4  5  6  7  8  9 |
---------------+----------------------------+-----
Armour         | 2 3 4 6 7 |  7.6
Axes           | 3 4 5 6 7 |  7.8
Dodging        | 2 3 4 5 |  5.3
Fighting       | 4 5 7 8 |  8.6
Shields        | 2 |  2.9

Action                   |  1- 3 |  4- 6 |  7- 9 | 10-12 || total
-------------------------+-------+-------+-------+-------++-------
Melee: Hand axe          |   149 |   194 |   449 |   224 ||  1016
       Punch             |     2 |     1 |     2 |       ||     5
       Tailslap          |       |     3 |    62 |    43 ||   108
Throw: Boomerang         |       |       |     6 |       ||     6
Invok: Berserk           |     1 |     2 |     8 |     1 ||    12
       Trog's Hand       |       |     2 |     5 |     3 ||    10
  Use: Scroll            |    10 |     2 |     3 |       ||    15
       Potion            |       |     1 |     2 |     1 ||     4
 Stab: Sleeping          |     3 |       |       |       ||     3
Armor: Animal skin       |    18 |       |       |       ||    18
       Ring mail         |     4 |       |       |       ||     4
       Chain mail        |     1 |    88 |    45 |       ||   134
       Plate armour      |       |       |   155 |    73 ||   228
Dodge: Dodged            |   112 |    89 |   171 |    79 ||   451
Block: Other             |       |    39 |    31 |       ||    70
       Buckler           |       |       |   144 |   123 ||   267

Table legend: (Time is in decaauts)
 A = Elapsed time spent in this place.
 B = Non-inter-level travel time spent in this place.
 C = Inter-level travel time spent in this place.
 D = Time resting spent in this place.
 E = Time spent auto-exploring this place.
 F = Levels seen in this place.
 G = Mean time per level.
                   A        B        C        D        E       F      G
               +--------+--------+--------+--------+--------+-----+--------+
         Total |  11082 |  10914 |    168 |   2548 |   6286 |  10 | 1108.2 |
       Dungeon |   8960 |   8792 |    168 |   1298 |   5974 |   8 | 1120.0 |
       Ossuary |    513 |    513 |      0 |    124 |    152 |   1 |  513.0 |
        Bailey |   1607 |   1607 |      0 |   1126 |    160 |   1 | 1607.0 |
               +--------+--------+--------+--------+--------+-----+--------+

Top non-repeatable levels by time:
     D:4: 1791 daAuts
     D:6: 1638 daAuts
  Bailey: 1607 daAuts
     D:5: 1531 daAuts
     D:1: 1498 daAuts
     D:7: 938 daAuts
     D:3: 926 daAuts
     D:2: 563 daAuts
 Ossuary: 513 daAuts
     D:8: 72 daAuts
